 Dungeon Crawl Stone Soup version 0.30-a0-170-g85af917532 (webtiles) character file.

Game seed: 10272114553091761992

673 qw the Chopper (level 7, -2/44 HPs)
             Began as a Gargoyle Fighter on Sept 30, 2022.
             Slain by Duvessa
             ... wielding a +0 rapier
              (7 damage)
             ... on level 5 of the Dungeon.
             The game lasted 00:01:49 (5984 turns).

qw the Chopper (Gargoyle Fighter)                   Turns: 5984, Time: 00:01:49

Health: -2/44      AC: 15    Str: 21    XL:     7   Next: 59%
Magic:  7/7        EV:  7    Int:  9    God:
Gold:   127        SH:  4    Dex:  9    Spells: 6/6 levels left

rFire   . . .      SeeInvis .    Y - +1 broad axe (flame)
rCold   . . .      Faith    .    c - +0 buckler
rNeg    + . .      Spirit   .    l - +0 chain mail
rPois   inf        Reflect  .    m - +0 helmet
rElec   +          Harm     .    (no cloak)
rCorr   +          Rampage  .    (no gloves)
Will    .....                    (no boots)
Stlth   ..........               k - amulet of regeneration
HPRegen 0.94/turn                f - ring of resist corrosion
MPRegen 0.10/turn                (no ring)

@: no status effects
A: sickness immunity, AC +4, negative energy resistance 1, electricity
resistance, torment resistance 1, petrification resistance
a: no special abilities


You were on level 5 of the Dungeon.
You visited 1 branch of the dungeon, and saw 6 of its levels.

You collected 262 gold pieces.
You spent 135 gold pieces at shops.


Innate Abilities, Weirdness & Mutations

You are immune to sickness and miasma.
Your stone body is resilient. (AC +4)
You are immune to poison.
You resist negative energy. (rN+)
You are resistant to electric shocks. (rElec)
You are resistant to unholy torment.
You are immune to petrification.


   Skills:
 - Level 5.4 Fighting
 + Level 6.4 Axes
 - Level 3.2 Armour
 - Level 1.1 Dodging
 - Level 3.2 Shields


You had 6 spell levels left.
You didn't know any spells.
Your spell library was empty.

Inventory:

Hand Weapons
 Y - a +1 broad axe of flaming (weapon)
Armour
 c - a +0 buckler (worn)
 l - a +0 chain mail (worn)
 m - a +0 helmet (worn)
Jewellery
 f - a ring of resist corrosion (left hand)
 k - an amulet of regeneration (around neck)
Scrolls
 i - a scroll of identify
Potions
 d - 3 potions of might
 g - a potion of cancellation
 h - 2 potions of curing
 j - a potion of haste

Dungeon Overview and Level Annotations

Branches:
Dungeon (6/15)
 Temple: D:4-7

Altars:
Ashenzari
Fedhas
Yredelemnul
The Shining One

Shops:
D:4 [

Annotations:
D:4 1 runed translucent door, Crazy Yiuf
D:5 3 runed translucent doors, Duvessa; qw's ghost, novice GrFi


Message History

Duvessa weeps, and shakes her weapon.
Duvessa goes berserk!
You hit Duvessa but do no damage. You hit the adder but do no damage.
Duvessa hits you with a +0 rapier. The adder bites you but does no damage.
Duvessa hits you with a +0 rapier. The adder bites you but does no damage.
You hit Duvessa but do no damage.
Duvessa is moderately wounded.
You hit the adder but do no damage. You block Duvessa's attack.
The adder bites you but does no damage. Duvessa hits you with a +0 rapier.
You barely miss Duvessa.
Duvessa is moderately wounded.
You slash the adder! You burn the adder.
You kill the adder!
Duvessa closely misses you. Duvessa hits you but does no damage.
You hit Duvessa.
Duvessa is moderately wounded.
Duvessa hits you with a +0 rapier. Duvessa closely misses you.
You hit Duvessa. You burn Duvessa.
Duvessa is moderately wounded.
Duvessa barely misses you. Duvessa hits you with a +0 rapier!
You barely miss Duvessa.
Duvessa is moderately wounded.
Duvessa barely misses you.
You hit Duvessa but do no damage.
Duvessa is moderately wounded.
Duvessa hits you with a +0 rapier. Duvessa barely misses you.
You slash Duvessa!
Duvessa is heavily wounded.
Duvessa closely misses you. Duvessa hits you with a +0 rapier!
You hit Duvessa. You burn Duvessa.
Duvessa is severely wounded.
Duvessa barely misses you. Duvessa hits you but does no damage.
You hit Duvessa but do no damage.
Duvessa is severely wounded.
You block Duvessa's attack. Duvessa hits you with a +0 rapier.
You slash Duvessa! You burn Duvessa.
Duvessa is almost dead.
Duvessa hits you with a +0 rapier!
You die...

###.#
#.##.#..###.#.##.###.##.
... #.##.#........##.#
#.##. ...
#.......###......# #....
#...# ####.#### ########
###.. #...# #.# ##...
##.## ## ##....
#...##.## #.....
..#.#.....##... #.....
..?......@e...... #.....
....#####).###... ##....
##.. ....# ##### ...
...#.# .... .###
...?...# .##. #..#.##...
..8#. .....# ..# ..##.
##..#.. ... )...# [...#


You could see Duvessa (berserk).

Vanquished Creatures
  Sigmund (D:4)
  A black bear (D:5)
  2 scorpions
  Dowan (D:5)
  A gnoll bouda (D:4)
  2 iguanas
  4 gnolls (D:4)
  4 adders
  A shadow imp (D:5)
  A white imp (D:5)
  5 worms
  2 dart slugs (D:1)
  An orc (D:3)
  4 ball pythons
  10 endoplasms
  5 giant cockroaches
  5 goblins
  8 hobgoblins
  2 quokkas (D:1)
  5 bats
  4 frilled lizards
  7 kobolds
  2 rats
78 creatures vanquished.

Vanquished Creatures (others)
  A fungus (D:4)
  A plant (D:2)
2 creatures vanquished.

Grand Total: 80 creatures vanquished

Notes
Turn   | Place    | Note
-------+----------+-------------------------------------------
     0 | D:1      | qw the Gargoyle Fighter began the quest for the Orb.
     0 | D:1      | Reached XP level 1. HP: 14/14 MP: 1/1
     0 | D:1      | 0 ||| qw: Version: 0.2-a-12-gaebbb33
     0 | D:1      | 0 ||| qw: Game counter: 1436
     0 | D:1      | 0 ||| qw: Always use a shield: true
     0 | D:1      | 0 ||| qw: God list: Okawaru
     0 | D:1      | 0 ||| qw: Allow faded altars: false
     0 | D:1      | 0 ||| qw: Do Orc after D:15 true
     0 | D:1      | 0 ||| qw: Do second Lair branch before Depths: true
     0 | D:1      | 0 ||| qw: Lair rune preference: random
     0 | D:1      | 0 ||| qw: Plans: Normal, Zot:1-4, God:TSO, Crypt, Tomb,
                  | Pan, Slime:5, Hells, Abyss, Orb
     0 | D:1      | 0 ||| PLANNING D:1-11
   265 | D:1      | Reached skill level 2 in Axes
   387 | D:1      | Reached XP level 2. HP: 19/19 MP: 2/2
   438 | D:1      | 438 ||| Stepping ~*~*~tactically~*~*~ (stealth).
   441 | D:1      | 441 ||| Stepping ~*~*~tactically~*~*~ (stealth).
   596 | D:1      | 596 ||| Stepping ~*~*~tactically~*~*~ (stealth).
   639 | D:1      | Reached skill level 3 in Axes
   751 | D:1      | Reached XP level 3. HP: 21/23 MP: 3/3
   793 | D:1      | Found a faded altar of an unknown god.
  1386 | D:1      | 1386 ||| READING scroll labelled IDE PUOGUIHAS.
  1387 | D:1      | 1387 ||| READING 3 scrolls labelled HOOCHO AFABB.
  1388 | D:1      | 1388 ||| DRINKING 2 ruby potions.
  1389 | D:1      | 1389 ||| READING 2 scrolls of identify.
  1389 | D:1      | 1389 ||| IDENTIFYING bubbling golden potion
  1390 | D:1      | 1390 ||| DROPPING potion of magic.
  1584 | D:2      | 1584 ||| SWAPPING to +0 broad axe.
  1585 | D:2      | 1585 ||| DROPPING +0 war axe.
  2139 | D:2      | 2139 ||| READING scroll labelled FOEQUWU LAOM.
  2140 | D:2      | 2140 ||| READING 3 scrolls of identify.
  2140 | D:2      | 2140 ||| IDENTIFYING dark potion
  2141 | D:2      | 2141 ||| READING 2 scrolls of identify.
  2141 | D:2      | 2141 ||| IDENTIFYING clear potion
  2142 | D:2      | 2142 ||| DROPPING potion of flight.
  2313 | D:3      | 2313 ||| Stepping ~*~*~tactically~*~*~ (stealth).
  2976 | D:3      | Reached XP level 4. HP: 28/28 MP: 4/4
  2989 | D:3      | You fall into a shaft and drop 3 floors!
  3021 | D:6      | 3021 ||| READING 3 scrolls of identify.
  3021 | D:6      | 3021 ||| IDENTIFYING brown potion
  3022 | D:6      | 3022 ||| DROPPING potion of brilliance.
  3031 | D:5      | Entered Level 5 of the Dungeon
  3031 | D:5      | Noticed a scorpion
  3046 | D:5      | Killed a scorpion
  3047 | D:5      | Reached skill level 4 in Axes
  3047 | D:5      | Reached XP level 5. HP: 21/32 MP: 5/5
  3208 | D:5      | Noticed a black bear
  3209 | D:5      | 3209 ||| FLEEEEING.
  3210 | D:5      | 3210 ||| FLEEEEING.
  3216 | D:5      | Killed a black bear
  3217 | D:5      | Reached skill level 5 in Axes
  3217 | D:5      | Reached XP level 6. HP: 22/37 MP: 6/6
  3217 | D:5      | 3217 ||| STAIRDANCE
  3343 | D:4      | 3343 ||| Stepping ~*~*~tactically~*~*~ (stealth).
  3431 | D:4      | 3431 ||| Stepping ~*~*~tactically~*~*~ (stealth).
  3437 | D:4      | 3437 ||| Stepping ~*~*~tactically~*~*~ (stealth).
  3454 | D:4      | 3454 ||| Stepping ~*~*~tactically~*~*~ (stealth).
  3589 | D:3      | 3589 ||| DROPPING +0 whip.
  3748 | D:3      | 3748 ||| READING scroll labelled YXTUCO FASOFF.
  3749 | D:3      | 3749 ||| READING 2 scrolls labelled XYSOKIOSTA.
  3750 | D:3      | 3750 ||| READING scroll labelled YNUCUN KUMI.
  3751 | D:3      | 3751 ||| DROPPING +1 hand axe of flaming.
  3752 | D:3      | 3752 ||| READING 2 scrolls of identify.
  3752 | D:3      | 3752 ||| IDENTIFYING viscous black potion
  3753 | D:3      | 3753 ||| DROPPING scroll of immolation.
  3809 | D:4      | 3809 ||| Stepping ~*~*~tactically~*~*~ (stealth).
  3848 | D:4      | Found a blossoming altar of Fedhas.
  3986 | D:4      | Noticed Sigmund
  3987 | D:4      | 3987 ||| Stepping ~*~*~tactically~*~*~ (hiding).
  4000 | D:4      | Killed Sigmund
  4146 | D:4      | 4146 ||| Stepping ~*~*~tactically~*~*~ (stealth).
  4148 | D:4      | 4148 ||| Stepping ~*~*~tactically~*~*~ (stealth).
  4161 | D:4      | Reached XP level 7. HP: 29/44 MP: 7/7
  4167 | D:4      | Reached skill level 1 in Dodging
  4169 | D:4      | 4169 ||| FLEEEEING.
  4170 | D:4      | 4170 ||| FLEEEEING.
  4171 | D:4      | 4171 ||| FLEEEEING.
  4173 | D:4      | 4173 ||| FLEEEEING.
  4174 | D:4      | 4174 ||| FLEEEEING.
  4175 | D:4      | 4175 ||| FLEEEEING.
  4176 | D:4      | 4176 ||| FLEEEEING.
  4177 | D:4      | 4177 ||| FLEEEEING.
  4178 | D:4      | 4178 ||| FLEEEEING.
  4179 | D:4      | 4179 ||| STAIRDANCE
  4279 | D:3      | 4279 ||| DRINKING 2 yellow potions.
  4384 | D:3      | 4384 ||| DROPPING potion of berserk rage.
  4391 | D:4      | 4391 ||| STAIRDANCE
  4508 | D:4      | 4508 ||| Stepping ~*~*~tactically~*~*~ (hiding).
  4784 | D:4      | Found a glowing golden altar of the Shining One.
  4786 | D:4      | Noticed an angel
  4791 | D:4      | Found a basalt altar of Yredelemnul.
  4793 | D:4      | Noticed a profane servitor
  4798 | D:4      | 4798 ||| Stepping ~*~*~tactically~*~*~ (stealth).
  4804 | D:4      | 4804 ||| Stepping ~*~*~tactically~*~*~ (stealth).
  5183 | D:4      | Found Ahextegg's Antique Armour Emporium.
  5189 | D:4      | 5189 ||| BUYING helmet (135 gold).
  5189 | D:4      | Bought a helmet for 135 gold pieces
  5189 | D:4      | 5189 ||| SHOPLISTING pair of gloves (135 gold, have 93).
  5614 | D:4      | Found a runed translucent door.
  5615 | D:4      | Noticed Crazy Yiuf
  5674 | D:4      | 5674 ||| UPGRADING to +0 chain mail.
  5684 | D:4      | 5684 ||| DROPPING +0 scale mail.
  5685 | D:4      | 5685 ||| UPGRADING to +0 helmet.
  5690 | D:4      | 5690 ||| UPGRADING to amulet of regeneration.
  5695 | D:4      | 5695 ||| UPGRADING to ring of resist corrosion.
  5696 | D:4      | 5696 ||| READING scroll labelled DEFFUCKECU.
  5697 | D:4      | 5697 ||| READING scroll labelled QUASAU WYUSHRAH.
  5719 | D:4      | 5719 ||| READING 2 scrolls of identify.
  5719 | D:4      | 5719 ||| IDENTIFYING lumpy silvery potion
  5720 | D:4      | 5720 ||| DROPPING potion of degeneration.
  5761 | D:5      | Reached skill level 6 in Axes
  5814 | D:5      | Found a broken altar of Ashenzari.
  5815 | D:5      | 5815 ||| Stepping randomly (stuck).
  5816 | D:5      | 5816 ||| Stepping randomly (stuck).
  5819 | D:5      | 5819 ||| Stepping randomly (stuck).
  5820 | D:5      | 5820 ||| Stepping randomly (stuck).
  5821 | D:5      | 5821 ||| Stepping randomly (stuck).
  5823 | D:5      | 5823 ||| Stepping randomly (stuck).
  5824 | D:5      | 5824 ||| Stepping randomly (stuck).
  5825 | D:5      | 5825 ||| Stepping randomly (stuck).
  5826 | D:5      | 5826 ||| Stepping randomly (stuck).
  5827 | D:5      | 5827 ||| Stepping randomly (stuck).
  5828 | D:5      | 5828 ||| Stepping randomly (stuck).
  5829 | D:5      | 5829 ||| Stepping randomly (stuck).
  5830 | D:5      | 5830 ||| Stepping randomly (stuck).
  5831 | D:5      | 5831 ||| Stepping randomly (stuck).
  5832 | D:5      | 5832 ||| Stepping randomly (stuck).
  5833 | D:5      | 5833 ||| Stepping randomly (stuck).
  5834 | D:5      | 5834 ||| Stepping randomly (stuck).
  5835 | D:5      | 5835 ||| Stepping randomly (stuck).
  5836 | D:5      | 5836 ||| Stepping randomly (stuck).
  5837 | D:5      | 5837 ||| Stepping randomly (stuck).
  5838 | D:5      | 5838 ||| Stepping randomly (stuck).
  5839 | D:5      | 5839 ||| Stepping randomly (stuck).
  5845 | D:5      | 5845 ||| Stepping randomly (stuck).
  5846 | D:5      | 5846 ||| Stepping randomly (stuck).
  5847 | D:5      | 5847 ||| Stepping randomly (stuck).
  5887 | D:5      | 5887 ||| Stepping ~*~*~tactically~*~*~ (stealth).
  5889 | D:5      | 5889 ||| Stepping ~*~*~tactically~*~*~ (hiding).
  5909 | D:5      | Identified the +7 whip "Sufi Fiw" {vorpal, rC+}
  5911 | D:5      | Found a runed translucent gate.
  5912 | D:5      | Noticed qw's ghost (novice GrFi)
  5913 | D:5      | Found a runed translucent gate.
  5914 | D:5      | Found a runed translucent gate.
  5966 | D:5      | Noticed Duvessa
  5966 | D:5      | Noticed Dowan
  5974 | D:5      | Killed Dowan
  5981 | D:5      | HP: 8/44 [Duvessa/+0 rapier (8)]
  5984 | D:5      | Slain by Duvessa

Levels and vault maps discovered:
D:1:      dpeg_arrival_circle_labyrinth_c, layout_loops_ring,
          shapermc_ecumenical_altar_mp_vishouse
D:2:      layout_loops_cross, serial_forest, infiniplex_forest_lined_3_way,
          infiniplex_forest_zigzag_2, infiniplex_forest_end_3,
          infiniplex_forest_straight_2, infiniplex_forest_diagonal,
          infiniplex_forest_lined_corner
D:3:      minmay_bubble_buster, layout_loops_ring, minmay_stone_trees_medium,
          chequers_serial_rivers_micro_d
D:4:      layout_layer_cave, grunt_temple_overflow_holy_war,
          mainiacjoe_overflow_six_doors_small, serial_shops,
          nicolae_shop_crystal, uniq_crazy_yiuf_cottage, uniq_sigmund
D:5:      layout_loops_cross, mainiacjoe_overflow_brackets,
          biasface_ghost_orc_armoury, uniq_blork_the_orc, uniq_pikel,
          uniq_duvessa, uniq_prince_ribbit1
D:6:      layout_cave_pods, marbit_many_paths, gammafunk_temple_overflow_statue,
          minmay_misc_feat_roman, uniq_grinder

Skill      XL: |  1  2  3  4  5  6  7 |
---------------+----------------------+-----
Axes           | 2 3 4 5 6 |  6.4
Fighting       | 5 |  5.4
Dodging        | 1 |  1.1
Armour         | |  3.2
Shields        | |  3.2

Action                   |  1- 3 |  4- 6 |  7- 9 || total
-------------------------+-------+-------+-------++-------
Melee: War axe           |    71 |       |       ||    71
       Broad axe         |    83 |    71 |    67 ||   221
  Use: Scroll            |     6 |     5 |     3 ||    14
       Potion            |     1 |       |     1 ||     2
Armor: Scale mail        |    71 |    27 |    13 ||   111
       Chain mail        |       |       |    21 ||    21
Dodge: Dodged            |    61 |    33 |    31 ||   125
Block: Buckler           |    20 |     7 |    13 ||    40

Table legend:
 A = Non-vault XP
 B = Vault XP
 C = Vault XP percentage of total XP
 D = Non-vault monster count
 E = Vault monster count
 F = Vault count percentage of total count
                 A         B        C        D         E       F
            +---------+---------+-------+---------+---------+-------
      Total |     634 |     328 |  34.1 |      65 |      13 |  16.7
            +---------+---------+-------+---------+---------+-------
        D:1 |      44 |       0 |   0.0 |      22 |       0 |   0.0
        D:2 |      13 |       0 |   0.0 |       4 |       0 |   0.0
        D:3 |      19 |      33 |  63.5 |      13 |      11 |  45.8
        D:4 |     245 |     226 |  48.0 |      17 |       1 |   5.6
        D:5 |     313 |      69 |  18.1 |       9 |       1 |  10.0
            +---------+---------+-------+---------+---------+-------
